 Dungeon Crawl Stone Soup version 0.21-a0-150-gc243083 (webtiles) character file.

15858 drasked the Grappler (level 12, -3/122 HPs)
             Began as a Troll Fighter on July 29, 2017.
             Was a High Priest of Okawaru.
             Slain by a spiny frog (11 damage)
             ... on level 3 of the Lair of Beasts.
             The game lasted 00:36:44 (11625 turns).

drasked the Grappler (Troll Fighter)               Turns: 11625, Time: 00:36:45

Health: -3/122     AC: 14    Str: 31    XL:     12   Next: 4%
Magic:  11/11      EV:  1    Int:  4    God:    Okawaru [*****.]
Gold:   241        SH:  0    Dex:  9    Spells: 11/11 levels left

rFire    x . .     SeeInvis .     - Unarmed
rCold    + + +     Gourm    +   B - +0 shield {AC+3}
rNeg     + + +     Faith    .   a - +0 troll leather armour {regen}
rPois    ∞         Spirit   .   A - +1 hat
rElec    +         Reflect  .   N - scarf {cloud immunity}
rCorr    .         Harm     .   (gloves unavailable)
MR       .....                  (boots unavailable)
Stlth    +.........             f - amulet of Ciguejar {+Rage rElec rF- rC+++}
HPRegen  1.10/turn              G - ring of poison resistance {rPois, !d}
MPRegen  0.12/turn              J - +3 ring of protection

@: petrified
A: unfitting armour, claws 3, fast metabolism 3, gourmand, regeneration 1,
shaggy fur 1, tough skin 2
a: Heroism, Finesse, Renounce Religion, Evoke Berserk Rage


You were on level 3 of the Lair of Beasts.
You worshipped Okawaru.
Okawaru was extremely pleased with you.
You were very full.

You visited 3 branches of the dungeon, and saw 14 of its levels.
You also visited: Sewer.

You collected 683 gold pieces.
You spent 442 gold pieces at shops.

Inventory:

Missiles
 L - 9 curare-tipped needles
 M - a throwing net {=f, !d}
Armour
 a - a +0 troll leather armour (worn) {regen}
   (You found it on level 10 of the Dungeon)
 A - a +1 hat (worn)
   (You found it on level 5 of the Dungeon)
 B - a +0 shield of protection (worn)
   (You bought it in a shop on level 5 of the Dungeon)
 N - a scarf of cloud immunity (worn)
   (You bought it in a shop on level 5 of the Dungeon)
Jewellery
 f - the amulet of Ciguejar (around neck) {+Rage rElec rF- rC+++}
   (You found it on level 9 of the Dungeon)

   [amulet of rage]

   It makes you vulnerable to fire.
   It renders you almost immune to cold.
   It insulates you from electricity.
   It lets you go berserk.
 G - a ring of poison resistance (left claw) {rPois, !d}
   (You found it on level 7 of the Dungeon)
 J - a +3 ring of protection (right claw)
   (You found it on level 10 of the Dungeon)
Wands
 b - a wand of disintegration (4/24)
   (You found it on level 6 of the Dungeon)
 o - a wand of iceblast (8/15)
   (You found it on level 5 of the Dungeon)
 F - a wand of iceblast (8/15)
   (You found it on level 6 of the Dungeon)
 S - a wand of iceblast (9/15)
   (You found it on level 1 of the Lair of Beasts)
Scrolls
 e - 4 scrolls of enchant weapon
 i - 3 scrolls of identify
 k - a scroll of blinking {!r}
 s - a scroll of magic mapping {!r}
 D - 5 scrolls of remove curse
 E - a scroll of amnesia {unknown}
 R - a scroll of holy word {unknown}
Potions
 c - a potion of might
 h - 3 potions of heal wounds
 j - 4 potions of lignification {!q}
 l - a potion of haste
 m - 2 potions of flight
 p - a potion of agility
 r - 2 potions of brilliance
 v - a potion of curing
 x - 2 potions of berserk rage {!q}
Books
 g - a book of Callings
   (You found it on level 9 of the Dungeon)
 t - a book of Misfortune
   (You found it on level 2 of the Dungeon)
 w - a book of Conjurations
   (You found it in a sewer)
 K - a book of Power
   (You found it on level 8 of the Dungeon)
 Q - a Young Poisoner's Handbook
   (You found it on level 1 of the Lair of Beasts)
Miscellaneous
 n - a crystal ball of energy
   (You found it on level 10 of the Dungeon)
 P - a fan of gales
   (You found it on level 1 of the Lair of Beasts)
Comestibles
 d - 7 bread rations {@e1}
 q - 16 fruits
 u - 12 royal jellies
 z - 6 meat rations {@e2}


   Skills:
 + Level 8.9 Fighting
 - Level 2.4 Dodging
 + Level 8.7 Shields
 * Level 13.6 Unarmed Combat


You had 11 spell levels left.
You didn't know any spells.

Dungeon Overview and Level Annotations

Branches:
Dungeon (10/15)            Temple (1/1) D:7            Lair (3/6) D:10
  Swamp (0/4) Lair:2          Orc (0/2) D:10
  Snake: Lair:2-4    Spider: Lair:2-4

Altars:
Ashenzari
Cheibriados
Dithmenos
Elyvilon
Fedhas
Gozag
Hepliaklqana
Kikubaaqudgha
Makhleb
Nemelex Xobeh
Okawaru
Qazlal
Ru
Sif Muna
Trog
Uskayaw
Vehumet
Wu Jian
Xom
Yredelemnul
Zin
The Shining One

Shops:
D:5 [   D:6 (   D:10 [


Innate Abilities, Weirdness & Mutations

You are too large for most types of armour.
You have claws for hands.
Your metabolism is lightning-fast.
You like to eat raw meat.
Your natural rate of healing is unusually fast.
You are covered in fur. (AC +1)
You have very tough skin. (AC +2)


Message History

Unknown command.
Done exploring.
Done exploring.
Done exploring.
Done exploring.
There is a stone staircase leading down here.
You climb downwards.
A basilisk, a porcupine and a spiny frog come into view.
The spiny frog gives a loud, deep croak!
The basilisk hisses angrily.
There is a stone staircase leading up here.
The basilisk gazes at you. You resist with some effort.
The spiny frog stings you!
You take 7 damage, and have 114/121 hp.
You barely miss the spiny frog. The porcupine barely misses you.
You closely miss the spiny frog. The spiny frog stings you!
The porcupine bites you. The basilisk gazes at you.
You resist with some effort.
You take 13 damage, and have 102/121 hp.
You claw the spiny frog! The spiny frog stings you.
You block the porcupine's attack. The basilisk gazes at you.
You are slowing down.
You take 4 damage, and have 98/121 hp.
You closely miss the spiny frog. The spiny frog stings you.
The porcupine bites you. The spiny frog stings you! The porcupine bites you.
Your limbs are stiffening.
You take 6 damage, and have 92/121 hp.
Unknown command.
You scratch the spiny frog but do no damage.
The spiny frog stings you! The porcupine bites you.
You have turned to stone.
The spiny frog stings you! The porcupine bites you. The basilisk gazes at you.
You resist with some effort. The spiny frog stings you!
The porcupine bites you but does no damage.
The basilisk gazes at you. You resist with some effort.
The spiny frog stings you but does no damage.
The porcupine bites you. The basilisk bites you! The spiny frog stings you!!
The porcupine bites you! The basilisk bites you! The spiny frog stings you!
The porcupine bites you!
* * * LOW HITPOINT WARNING * * *
The spiny frog stings you!!
* * * LOW HITPOINT WARNING * * *
The basilisk bites you.
The porcupine bites you but does no damage.
The spiny frog stings you!
* * * LOW HITPOINT WARNING * * *
The porcupine bites you!
* * * LOW HITPOINT WARNING * * *
The basilisk bites you.
The spiny frog stings you but does no damage.
The porcupine bites you but does no damage.
The basilisk gazes at you. You resist with some effort.
The spiny frog stings you!
* * * LOW HITPOINT WARNING * * *
The porcupine bites you but does no damage.
The basilisk bites you.
* * * LOW HITPOINT WARNING * * *
The spiny frog stings you!
* * * LOW HITPOINT WARNING * * *
The porcupine bites you!
* * * LOW HITPOINT WARNING * * *
You turn to flesh and can move again.
You take 86 damage, and have 6/121 hp.
MASSIVE DAMAGE!!
You feel much better.
The basilisk bites you but does no damage.
The spiny frog barely misses you. You block the porcupine's attack.
You regained 21 hp, and now have 27/122 hp.
The spiny frog barely misses you.
You claw the basilisk! The spiny frog stings you!!
* * * LOW HITPOINT WARNING * * *
The basilisk gazes at you.
You are slowing down.
You take 19 damage, and have 9/122 hp.
You feel better. The spiny frog stings you.
* * * LOW HITPOINT WARNING * * *
The basilisk bites you but does no damage.
The spiny frog stings you.
* * * LOW HITPOINT WARNING * * *
Your limbs are stiffening.
You regained 8 hp, and now have 17/122 hp.
You closely miss the basilisk. The basilisk gazes at you.
Your limbs have turned to stone.
The spiny frog stings you but does no damage.
You have turned to stone.
The spiny frog stings you but does no damage.
The basilisk barely misses you. The spiny frog stings you!
* * * LOW HITPOINT WARNING * * *
The basilisk bites you!
* * * LOW HITPOINT WARNING * * *
The spiny frog stings you!!
You die...

#
##.########.P###
.......@lr......
........F.....#.
.(..........#..#
............P...
................
............#.##
................
##.#....#.......


You could see a spiny frog, a basilisk and a porcupine.

Vanquished Creatures
  A hydra (D:10)
  A two-headed ogre (D:8)
  Sonja (D:10)
  Pikel (D:6)
  Joseph (D:7)
  2 black mambas (Lair:2)
  6 spiny frogs (Lair:2)
  3 komodo dragons
  2 trolls
  5 blink frogs (Lair:1)
  3 hippogriffs
  5 yaks (D:10)
  2 wyverns
  7 vampire mosquitoes (Lair:2)
  A hungry ghost (D:10)
  3 porcupines (Lair:2)
  3 water moccasins
  A black bear (D:8)
  An orc warrior (D:6)
  3 ice beasts
  3 phantoms
  2 sky beasts
  4 ogres
  4 slaves (D:6)
  7 wolves
  A necrophage (D:9)
  2 centaurs
  A big kobold (D:10)
  5 crocodiles
  6 bullfrogs
  A gnoll sergeant (D:7)
  A wyvern skeleton (D:9)
  2 scorpions
  4 troll zombies (D:10)
  4 killer bees (D:7)
  9 wights
  3 electric eels (D:10)
  2 howler monkeys
  5 crimson imps
  9 hounds
  3 jellies
  Crazy Yiuf (D:7)
  A centaur skeleton (D:8)
  3 orc priests
  3 orc wizards
  Natasha (twice) (D:2)
  4 iguanas
  6 worker ants
  4 ogre zombies (D:10)
  2 hound zombies
  A worker ant zombie (D:10)
  9 gnolls
  A howler monkey skeleton (D:9)
  8 adders
  2 river rats (D:3)
  A shadow imp (D:6)
  2 oozes
  An adder zombie (D:8)
  An adder skeleton (D:4)
  2 worms
  A dart slug (D:1)
  7 leopard geckos
  30 orcs
  7 giant cockroaches
  5 goblins
  7 hobgoblins
  8 jackals
  14 kobolds
  4 quokkas
  3 ball pythons
  10 bats
  7 frilled lizards
  2 goblin skeletons (D:10)
  2 goblin zombies (D:10)
  2 hobgoblin zombies
  A kobold zombie (D:5)
  A leopard gecko skeleton (D:5)
  6 orc skeletons
  15 orc zombies (D:10)
  A quokka zombie (D:8)
  11 rats
  2 fungi (D:7)
330 creatures vanquished.

Vanquished Creatures (others)
  A fungus (Lair:2)
1 creature vanquished.

Grand Total: 331 creatures vanquished

Notes
Turn   | Place    | Note
-------+----------+-------------------------------------------
     0 | D:1      | drasked the Troll Fighter began the quest for the Orb.
     0 | D:1      | Reached XP level 1. HP: 22/22 MP: 0/0
   188 | D:1      | Reached XP level 2. HP: 28/29 MP: 1/1
   727 | D:2      | Reached XP level 3. HP: 29/36 MP: 2/2
   730 | D:2      | Reached skill level 3 in Unarmed Combat
   971 | D:2      | Noticed Natasha
   976 | D:2      | Killed Natasha
   976 | D:2      | Reached skill level 3 in Shields
   976 | D:2      | Reached XP level 4. HP: 29/44 MP: 3/3
  1325 | D:2      | Found a basalt altar of Yredelemnul.
  1388 | D:2      | Noticed Natasha
  1395 | D:2      | Reached skill level 3 in Fighting
  1408 | D:2      | Killed Natasha
  1643 | D:3      | Reached XP level 5. HP: 52/53 MP: 4/4
  1756 | D:3      | Found a glowing drain.
  1770 | D:3      | Reached skill level 4 in Unarmed Combat
  1812 | Sewer    | Entered a sewer
  1852 | Sewer    | Noticed a crocodile
  1868 | Sewer    | Killed a crocodile
  2546 | D:4      | Reached XP level 6. HP: 55/61 MP: 5/5
  2922 | D:4      | Reached skill level 5 in Unarmed Combat
  3104 | D:4      | Found a blossoming altar of Fedhas.
  3247 | D:4      | Reached skill level 4 in Shields
  3427 | D:5      | Entered Level 5 of the Dungeon
  3468 | D:5      | Found a glowing golden altar of the Shining One.
  3482 | D:5      | Reached XP level 7. HP: 68/68 MP: 6/6
  3712 | D:5      | Reached skill level 4 in Fighting
  3876 | D:5      | Found Hablezani's Antique Armour Shoppe.
  3884 | D:5      | Bought a glowing shield for 180 gold pieces
  4054 | D:6      | Reached skill level 6 in Unarmed Combat
  4239 | D:6      | Noticed Pikel
  4266 | D:6      | Killed Pikel
  4266 | D:6      | Reached skill level 5 in Fighting
  4266 | D:6      | Reached skill level 5 in Shields
  4266 | D:6      | Reached skill level 7 in Unarmed Combat
  4266 | D:6      | Reached XP level 8. HP: 77/80 MP: 7/7
  4332 | D:6      | Found Dibbo's Antique Weapon Shop.
  4722 | D:6      | Reached skill level 8 in Unarmed Combat
  4977 | D:7      | Reached XP level 9. HP: 63/88 MP: 6/8
  5114 | D:7      | Noticed Joseph
  5131 | D:7      | Killed Joseph
  5131 | D:7      | Reached skill level 9 in Unarmed Combat
  5391 | D:7      | Reached skill level 6 in Shields
  5580 | D:7      | Found a staircase to the Ecumenical Temple.
  5592 | Temple   | Entered the Ecumenical Temple
  5819 | Temple   | Became a worshipper of Warmaster Okawaru
  5983 | D:7      | Reached skill level 6 in Fighting
  6111 | D:7      | Found a runed door.
  6115 | D:7      | Noticed Crazy Yiuf
  6120 | D:7      | Killed Crazy Yiuf
  6349 | D:8      | Noticed a two-headed ogre
  6364 | D:8      | Killed a two-headed ogre
  6364 | D:8      | Reached * piety under Okawaru
  6364 | D:8      | Reached skill level 10 in Unarmed Combat
  6574 | D:8      | Reached XP level 10. HP: 100/100 MP: 9/9
  6795 | D:8      | Found a shimmering altar of Xom.
  7355 | D:9      | Found a shadowy altar of Dithmenos.
  7630 | D:9      | Got a flickering platinum amulet
  7710 | D:9      | Reached ** piety under Okawaru
  7767 | D:9      | Reached skill level 7 in Fighting
  8007 | D:9      | Identified the amulet of Ciguejar {+Rage rElec rF- rC+++} (You found it on level 9 of the Dungeon)
  8009 | D:10     | Entered Level 10 of the Dungeon
  8124 | D:10     | Reached skill level 7 in Shields
  8127 | D:10     | Reached skill level 11 in Unarmed Combat
  8180 | D:10     | Found a staircase to the Orcish Mines.
  8259 | D:10     | HP: 21/101 [yak (9)]
  8449 | D:10     | Noticed Sonja
  8460 | D:10     | Reached *** piety under Okawaru
  8780 | D:10     | Found a staircase to the Lair.
  8913 | D:10     | Found Boxkasm's Antique Armour Shop.
  8921 | D:10     | Bought an embroidered robe for 70 gold pieces
  8975 | D:10     | Reached XP level 11. HP: 106/109 MP: 10/10
  9091 | D:10     | Killed Sonja
  9091 | D:10     | Reached **** piety under Okawaru
  9227 | Lair:1   | Entered Level 1 of the Lair of Beasts
  9227 | Lair:1   | Noticed a five-headed hydra
  9345 | D:7      | Reached skill level 12 in Unarmed Combat
  9451 | D:5      | Bought a glowing scarf for 192 gold pieces
  9683 | D:10     | Killed a 13-headed hydra
  9683 | D:10     | Reached skill level 8 in Fighting
  9772 | Lair:1   | Reached ***** piety under Okawaru
  9842 | Lair:1   | Reached skill level 8 in Shields
 10398 | Lair:2   | Received a gift from Okawaru
 10401 | Lair:2   | Got a faintly glowing halberd {god gift}
 10407 | Lair:2   | Identified the +1 halberd of Slow Death {speed, MP+9 Dex+5} (Okawaru gifted it to you on level 2 of the Lair of Beasts)
 10750 | Lair:2   | Reached skill level 13 in Unarmed Combat
 11033 | Lair:2   | Found a staircase to the Swamp.
 11408 | Lair:2   | Reached XP level 12. HP: 91/121 MP: 11/11
 11615 | Lair:3   | HP: 28/121 [spiny frog (9)]
 11618 | Lair:3   | HP: 11/121 [spiny frog (7)]
 11625 | Lair:3   | HP: 15/122 [spiny frog (6)]
 11625 | Lair:3   | Slain by a spiny frog

Vault maps used:
D:1:      lightli_arrival_statuegarden, minmay_small_reverse_x
D:2:      marbit_many_paths, uniq_natasha
D:3:      portal_sewer_entry_a
D:4:      fedhas_bush_and_centaur_altar, serial_glass, glass_columns_a,
          glass_columns_a, glass_columns_a, glass_columns_a, glass_columns_a,
          glass_columns_c, glass_columns_c, glass_columns_a
D:5:      first_bread, serial_shops, nicolae_shop_behind_doors,
          nicolae_tso_besieged_by_evil
D:6:      serial_shops, nicolae_shop_behind_doors, uniq_pikel
D:7:      temple_doors_ab, uniq_joseph, uniq_crazy_yiuf_cottage
D:8:      brannock_xom_greatest_gift
D:9:      grunt_dithmenos_smoke_and_mirrors, serial_co_window_serial,
          co_window_paths_a, co_window_paths_a, co_window_of_opportunity_a,
          co_window_corner_a, co_window_paths_a, co_window_cross_3,
          co_window_corner_ca, co_window_broadway_c, co_window_corner_ca,
          co_window_corner_b, co_window_unsneaky_path_d, co_window_corner_ca,
          co_window_paths_d, glass_columns_a, glass_columns_a, glass_columns_a,
          glass_columns_c
D:10:     erik_lair_island, zombieorc2_lemuel, serial_shops,
          nicolae_shop_overgrown_old_shop, uniq_sonja
Temple:   eino_narrow_crystal_temple
Lair:1:   grunt_megastairs_5
Lair:2:   minmay_swamp_entry_swarm
Lair:3:   dummy_snake_entry, beast_lair_carwin_2, serial_bayou_shore_b,
          grunt_megastairs_1
Sewer:    sewer_big_baddie

Skill      XL: |  1  2  3  4  5  6  7  8  9 10 11 |
---------------+----------------------------------+-----
Unarmed Combat | 3 4 5 7 8 10 11 13 | 13.6
Shields        | 3 4 5 6 7 8 |  8.7
Fighting       | 3 5 6 7 8 |  8.9
Dodging        | |  2.4

Action                   |  1- 3 |  4- 6 |  7- 9 | 10-12 || total
-------------------------+-------+-------+-------+-------++-------
Melee: Unarmed           |    94 |   202 |   312 |   532 ||  1140
 Abil: Evoke Berserk Rag |       |       |       |     2 ||     2
Evoke: Wand              |       |       |       |     2 ||     2
  Use: Scroll            |       |       |       |    19 ||    19
       Potion            |       |       |       |     2 ||     2
 Stab: Sleeping          |     2 |       |       |       ||     2
       Distracted        |       |       |     1 |       ||     1
  Eat: Chunk             |    11 |    26 |    29 |    47 ||   113
Armor: Robe              |    22 |    62 |    84 |    56 ||   224
       Troll leather arm |       |       |       |    82 ||    82
Dodge: Dodged            |    27 |    71 |    95 |   143 ||   336
Block: Shield            |    22 |    93 |   119 |   235 ||   469

Vault maps used:
D:1:      lightli_arrival_statuegarden, minmay_small_reverse_x
D:2:      marbit_many_paths, uniq_natasha
D:3:      portal_sewer_entry_a
D:4:      fedhas_bush_and_centaur_altar, serial_glass, glass_columns_a,
          glass_columns_a, glass_columns_a, glass_columns_a, glass_columns_a,
          glass_columns_c, glass_columns_c, glass_columns_a
D:5:      first_bread, serial_shops, nicolae_shop_behind_doors,
          nicolae_tso_besieged_by_evil
D:6:      serial_shops, nicolae_shop_behind_doors, uniq_pikel
D:7:      temple_doors_ab, uniq_joseph, uniq_crazy_yiuf_cottage
D:8:      brannock_xom_greatest_gift
D:9:      grunt_dithmenos_smoke_and_mirrors, serial_co_window_serial,
          co_window_paths_a, co_window_paths_a, co_window_of_opportunity_a,
          co_window_corner_a, co_window_paths_a, co_window_cross_3,
          co_window_corner_ca, co_window_broadway_c, co_window_corner_ca,
          co_window_corner_b, co_window_unsneaky_path_d, co_window_corner_ca,
          co_window_paths_d, glass_columns_a, glass_columns_a, glass_columns_a,
          glass_columns_c
D:10:     erik_lair_island, zombieorc2_lemuel, serial_shops,
          nicolae_shop_overgrown_old_shop, uniq_sonja
Temple:   eino_narrow_crystal_temple
Lair:1:   grunt_megastairs_5
Lair:2:   minmay_swamp_entry_swarm
Lair:3:   dummy_snake_entry, beast_lair_carwin_2, serial_bayou_shore_b,
          grunt_megastairs_1
Sewer:    sewer_big_baddie

Table legend:
 A = Turns spent in this place as a percentage of turns spent in the entire game.
 B = Non-inter-level travel turns spent in this place as a percentage of non-inter-level travel turns spent in the entire game.
 C = Inter-level travel turns spent in this place as a percentage of turns spent in this place.
 D = Turns resting spent in this place as a percentage of non-inter-level travel turns spent in this place.
 E = Turns spent auto-exploring this place as a percentage of non-inter-level travel turns spent in this place.
 F = Non-inter-level travel turns spent in this place divided by the number of levels of this place that you've seen.
                   A       B       C       D       E      F
               +-------+-------+-------+-------+-------+----------------------
         Total | 100.0 | 100.0 |   0.6 |   1.3 |   7.9 | 317.3
       Dungeon |  81.6 |  81.6 |   0.6 |   1.3 |   7.6 | 388.5
        Temple |   1.1 |   1.1 |   2.0 |   0.0 |  30.0 |  50.0
          Lair |  15.1 |  15.1 |   0.6 |   1.1 |   8.5 | 239.7
         Sewer |   2.2 |   2.2 |   0.0 |   1.9 |   5.7 | 105.0
               +-------+-------+-------+-------+-------+----------------------

Table legend:
 A = Kills in this place as a percentage of kills in entire the game.
 B = Kills by you in this place as a percentage of kills by you in the entire game.
 C = Kills by friends in this place as a percentage of kills by friends in the entire game.
 D = Other kills in this place as a percentage of other kills in the entire game.
 E = Experience gained in this place as a percentage of experience gained in the entire game.
 F = Experience gained in this place divided by the number of levels of this place that you have seen.
                   A       B       C       D       E      F
               +-------+-------+-------+-------+-------+----------------------
         Total | 100.0 | 100.0 |  -nan |  -nan | 100.0 | 1510.3
       Dungeon |  85.5 |  85.5 |  -nan |  -nan |  57.9 | 1310.8
          Lair |  12.7 |  12.7 |  -nan |  -nan |  41.7 | 3146.0
         Sewer |   1.9 |   1.9 |  -nan |  -nan |   0.5 | 109.0
               +-------+-------+-------+-------+-------+----------------------
